Map: Alcyone LE

Players

trigger - Winner!

  • Race: Protoss Protoss
  • League: Grandmaster
  • Spawn Location: 7:00

Mixu

  • Race: Zerg Zerg
  • League: Grandmaster
  • Spawn Location: 1:00

Event: HomeStory Cup XXV

VOD

Have the link to the VOD?

Description

Time

  • Played on: June 22, 2024, 12:20 p.m.
  • Length: 9:57

All games in this series

Show
View Real Time Build Order
Export as new Build Order

trigger Protoss - Winner!

Build Orders: 1 Gate Expand, Oracle Opening 

Get SALT Encoding   

  12  0:00  Probe  
  13  0:12  Probe  
  14  0:20  Pylon  
  14  0:24  Probe  
  15  0:38  Probe (Chrono Boost)  
  15  0:40  Gateway  
  16  0:47  Probe (Chrono Boost)  
  17  0:52  Probe  
  18  1:12  Nexus  
  18  1:16  Assimilator  
  18  1:19  Probe (Chrono Boost)  
  19  1:28  Probe (Chrono Boost)  
  19  1:31  Cybernetics Core  
  20  1:33  Probe (Chrono Boost)  
  20  1:39  Assimilator  
  21  1:45  Probe  
  22  1:50  Pylon  
  22  1:57  Probe  
  23  2:06  Adept (Chrono Boost)  
  23  2:09  Probe  
  26  2:21  Probe  
  27  2:24  Probe  
  27  2:25  Stargate  
  27  2:27  Adept (Chrono Boost)  
  28  2:33  Probe  
  28  2:36  Probe  
  32  2:45  Warp Gate  
  32  2:46  Probe  
  32  2:48  Probe  
  34  2:53  Adept  
  34  2:58  Probe  
  37  3:00  Probe  
  38  3:09  Oracle (Chrono Boost)  
  38  3:10  Probe  
  38  3:12  Probe  
  43  3:16  Pylon  
  43  3:21  Gateway  
  43  3:22  Probe  
  43  3:26  Probe  
  43  3:34  Probe  
  43  3:37  Twilight Council, Adept  
  43  3:38  Probe  
  45  3:43  Gateway  
  45  3:46  Gateway  
  45  3:48  Probe  
  46  3:54  Probe, Pylon  
  47  4:00  Probe  
  48  4:07  Probe  
  49  4:12  Probe  
  49  4:13  Resonating Glaives (Chrono Boost)  
  50  4:19  Probe  
  49  4:27  Probe  
  50  4:34  Stalker  
  50  4:35  Adept  
  54  4:40  Probe  
  54  4:44  Probe  
  55  4:47  Adept  
  55  4:48  Adept  
  55  4:52  Nexus, Probe  
  60  4:53  Pylon  
  60  4:54  Assimilator  
  60  4:55  Assimilator  
  60  4:56  Probe  
  60  4:59  Pylon  
  61  5:10  Pylon  
  61  5:11  Robotics Facility  
  61  5:17  Adept x4  
  61  5:18  Probe  
  61  5:20  Probe  
  70  5:28  Forge  
  70  5:30  Probe, Pylon  
  71  5:36  Probe  
  71  5:39  Adept x4  
  78  5:51  Probe  
  77  5:58  Blink (Chrono Boost)  
  77  6:00  Probe  
  76  6:05  Probe  
  76  6:07  Protoss Ground Weapons Level 1 (Chrono Boost)  
  76  6:08  Probe (Chrono Boost)  
  68  6:13  Gateway  
  68  6:15  Gateway  
  68  6:17  Gateway  
  67  6:22  Probe (Chrono Boost)  
  67  6:23  Probe (Chrono Boost)  
  67  6:25  Probe (Chrono Boost)  
  61  6:28  Stalker  
  61  6:29  Stalker x3  
  61  6:31  Probe (Chrono Boost)  
  61  6:32  Probe x2 (Chrono Boost)  
  71  6:33  Observer (Chrono Boost)  
  71  6:39  Pylon  
  73  6:42  Probe  
  73  6:43  Gateway  
  73  6:44  Assimilator  
  73  6:45  Probe  
  75  6:47  Pylon  
  75  6:54  Stalker x4  
  75  6:56  Warp Prism (Chrono Boost)  
  85  7:08  Probe  
  86  7:09  Probe  
  86  7:12  Stalker  
  86  7:13  Stalker, Pylon  
  86  7:14  Stalker, Pylon  
  93  7:22  Stalker x3  
  93  7:41  Stalker  
  93  7:42  Stalker x3  
  97  7:54  Stalker x4  
  97  7:56  Charge  
  105  7:59  Gateway  
  105  8:06  Stalker  
  107  8:14  Stalker x3  
  107  8:17  Adept x2  
  107  8:18  Adept x2  
  104  8:29  Adept  
  98  8:39  Probe  
  89  8:44  Warp Prism (Chrono Boost), Stalker x7  
  97  8:56  Stalker x2  
  99  9:11  Stalker x4  
  107  9:20  Stalker x3  
  109  9:38  Stalker x4  
  113  9:40  Zealot x2  
Show
View Real Time Build Order
Export as new Build Order

Mixu Zerg 

Build Orders: Hatch First 

Get SALT Encoding   

  12  0:00  Drone  
  13  0:12  Overlord  
  13  0:16  Drone  
  14  0:30  Drone x2  
  16  0:49  Hatchery  
  15  0:51  Drone  
  15  0:55  Drone  
  17  0:58  Drone  
  18  1:09  Extractor  
  17  1:13  Spawning Pool  
  17  1:16  Drone  
  17  1:21  Drone  
  18  1:28  Drone  
  19  1:38  Drone  
  20  1:49  Overlord  
  20  2:00  Queen x2  
  24  2:01  Zergling x4  
  26  2:12  Drone x2  
  26  2:13  Metabolic Boost  
  30  2:22  Drone x2  
  30  2:35  Hatchery  
  29  2:37  Drone  
  29  2:39  Drone  
  31  2:44  Overlord  
  31  2:51  Queen  
  31  2:55  Drone x2  
  31  2:57  Drone  
  35  3:04  Queen  
  37  3:05  Zergling x2  
  37  3:07  Zergling x2  
  37  3:11  Overlord  
  39  3:14  Zergling x2  
  39  3:16  Zergling x2  
  39  3:18  Zergling x2  
  42  3:25  Drone  
  41  3:27  Drone  
  41  3:31  Drone  
  41  3:40  Drone x4  
  45  3:41  Drone x2  
  45  3:44  Zergling x4  
  49  3:48  Drone  
  49  3:49  Drone  
  49  3:55  Spore Crawler  
  50  3:57  Queen  
  50  3:59  Drone  
  50  4:01  Drone  
  50  4:02  Spore Crawler  
  53  4:07  Drone x2  
  55  4:12  Overlord  
  55  4:14  Drone x3  
  58  4:21  Overlord  
  56  4:25  Drone  
  56  4:28  Spore Crawler  
  56  4:30  Drone x3, Overlord  
  59  4:33  Roach Warren  
  59  4:37  Overlord  
  57  4:40  Drone x3  
  57  4:43  Drone x2  
  61  4:49  Overlord  
  61  4:51  Drone x2  
  63  4:54  Zergling x6  
  63  4:56  Queen  
  63  4:58  Zergling x2  
  69  5:01  Drone  
  69  5:02  Drone  
  69  5:03  Drone  
  69  5:05  Spore Crawler  
  69  5:07  Drone x2  
  73  5:12  Extractor  
  72  5:16  Overlord  
  72  5:17  Overlord  
  72  5:18  Lair  
  71  5:22  Extractor  
  70  5:30  Roach x5  
  70  5:31  Overlord  
  70  5:32  Zergling x2, Roach  
  70  5:33  Zergling x4  
  85  5:40  Evolution Chamber x2, Roach  
  86  5:42  Zergling x2  
  86  5:43  Zergling x8  
  86  5:47  Queen  
  86  5:49  Roach  
  83  5:53  Roach  
  85  5:59  Roach  
  85  6:00  Roach  
  85  6:02  Drone x5  
  92  6:05  Drone x2  
  92  6:06  Drone  
  92  6:10  Roach  
  91  6:15  Drone x2  
  92  6:21  Drone x2  
  91  6:29  Drone x2, Glial Reconstitution  
  91  6:33  Drone x2  
  91  6:36  Drone  
  94  6:40  Drone x3  
  94  6:41  Drone  
  94  6:44  Drone x2  
  100  6:47  Drone  
  100  6:55  Drone x3  
  100  6:59  Extractor  
  102  7:01  Overlord  
  102  7:02  Zerg Missile Weapons Level 1  
  102  7:05  Extractor  
  102  7:07  Roach x5  
  111  7:09  Overseer  
  111  7:16  Zergling x4  
  111  7:18  Extractor  
  111  7:19  Overlord  
  111  7:20  Overlord  
  111  7:22  Hatchery  
  111  7:27  Zergling x12  
  117  7:30  Overlord  
  117  7:32  Roach  
  117  7:35  Roach x3  
  117  7:37  Roach  
  117  7:40  Roach x2  
  117  7:42  Roach  
  115  7:44  Roach  
  115  7:49  Roach x2  
  115  7:56  Roach x3  
  121  8:00  Roach x2  
  121  8:01  Overlord  
  121  8:02  Zergling x4  
  125  8:06  Zergling x8  
  125  8:10  Queen  
  125  8:11  Roach x2  
  129  8:16  Roach  
  129  8:18  Roach x4  
  120  8:21  Roach x2  
  108  8:27  Roach x2  
  108  8:29  Roach  
  108  8:33  Roach  
  108  8:34  Roach  
  101  8:37  Roach  
  101  8:41  Roach x2  
  95  8:45  Drone x2  
  93  8:50  Drone x3  
  93  8:51  Drone  
  93  8:53  Drone  
  98  8:58  Ravager  
  98  9:00  Zergling x6  
  98  9:02  Roach  
  104  9:04  Drone  
  104  9:07  Roach  
  107  9:12  Roach  
  107  9:15  Roach x2  
  109  9:22  Roach x4  
  113  9:24  Roach  
  113  9:28  Roach x2  
  114  9:33  Zergling x6  
  114  9:38  Roach x2  
Tags
 
Add a new tag
Caveats
  • Supply blocks, unpowered buildings, or Contaminate may cause inaccurate times.
  • Supply counts are checked every 10 seconds.